 Dungeon Crawl Stone Soup version 0.31.0-12-g77e489cdc1 (webtiles) character file.

Game seed: 1632784327168154066

387 CougarLife the Ruffian (level 6, -3/62 HPs)
             Began as a Troll Fighter on Feb 13, 2024.
             Slain by Prince Ribbit (11 damage)
             ... on level 5 of the Dungeon.
             The game lasted 00:02:51 (3149 turns).

CougarLife the Ruffian (Troll Fighter)              Turns: 3149, Time: 00:02:52

Health: -3/62      AC:  4    Str: 27    XL:     6   Next: 49%
Magic:  5/5        EV:  9    Int:  4    God:
Gold:   141        SH:  7    Dex:  9    Spells: 5/5 levels left

rFire   . .          .
                       - Unarmed
rCold   . . .        b - +0 kite shield
rNeg    . . .        a - +0 robe
rPois   .            (helmet restricted)
rElec   .            (no cloak)
rCorr   .            (gloves unavailable)
SInv    .            (boots unavailable)
Will    .....        (no amulet)
Stlth   +            (no ring)
HPRegen 1.10/turn    (no ring)
MPRegen 0.09/turn

%: no passive effects
@: mighty
A: large, unfitting armour, claws 3, regeneration 1, shaggy fur 1, tough skin 1
a: no special abilities


You were on level 5 of the Dungeon.
You visited 1 branch of the dungeon, and saw 5 of its levels.

You collected 141 gold pieces.

Inventory:

Missiles
 j - 16 poisoned darts (quivered)
Armour
 a - a +0 robe (worn)
 b - a +0 kite shield (worn)
Wands
 o - a wand of charming (2)
Scrolls
 e - a scroll of vulnerability {unknown}
 f - 4 scrolls of identify {unknown}
 i - 4 scrolls of enchant weapon {unknown}
 l - a scroll of teleportation {unknown}
 p - a scroll of silence {unknown}
Potions
 d - 4 potions of curing {unknown}
 g - a potion of invisibility {unknown}
 h - a potion of lignification {unknown}
 k - 2 potions of heal wounds {unknown}
 m - a potion of cancellation {unknown}
 n - a potion of resistance {unknown}


   Skills:
 + Level 3.9 Fighting
 - Level 3.0 Dodging
 - Level 2.6 Shields
 * Level 5.5 Unarmed Combat


You had 5 spell levels left.
You didn't know any spells.
Your spell library contained the following spells:

 Spells                   Type           Power      Damage    Failure   Level
 Apportation              Tloc           0%         N/A       75%         1
 Necrotise                Necr           0%         1d4       75%         1
 Sting                    Conj/Alch      0%         1d3       75%         1
 Summon Small Mammal      Summ           0%         N/A       75%         1
 Call Canine Familiar     Summ           0%         N/A       98%         3
 Summon Blazeheart Golem  Fire/Summ      0%         N/A       100%        4


Dungeon Overview and Level Annotations

Branches:
Dungeon (5/15)
 Temple: D:4-7

Altars:
Makhleb
Sif Muna
Trog

Shops:
D:3 [

Annotations:
D:5 Prince Ribbit


Innate Abilities, Weirdness & Mutations

You are too large for most types of armour.
You have claws for hands.
Your natural rate of healing is unusually fast.
You are covered in fur. (AC +1)
You have tough skin. (AC +1)


Message History

You closely miss the scorpion.
The scorpion is almost dead.
You feel sick. The scorpion barely misses you. You block the scorpion's attack.
You barely miss the scorpion.
The scorpion is almost dead.
You feel sick.
Prince Ribbit blinks!
The scorpion stings you.
You claw the scorpion!
You kill the scorpion!
You feel sick.
Prince Ribbit blinks!
You scratch the gnoll but do no damage.
You feel sick. The gnoll closely misses you.
You claw the gnoll!
The gnoll is severely wounded.
You feel sick. The gnoll closely misses you.
Prince Ribbit catches a blue-tailed skink with his tongue.
You feel very mighty all of a sudden.
You feel sick.
You are no longer poisoned.
The gnoll hits you with a +0 club.
Prince Ribbit hits you but does no damage.
You barely miss Prince Ribbit.
The gnoll shouts!
The gnoll hits you with a +0 club. Prince Ribbit hits you!
* * * LOW HITPOINT WARNING * * *
You claw the gnoll!
You kill the gnoll!
You block Prince Ribbit's attack. Prince Ribbit hits you.
* * * LOW HITPOINT WARNING * * *
You claw the gnoll!
You kill the gnoll!
Prince Ribbit hits you but does no damage.
You mangle the gnoll!!
You kill the gnoll!
Prince Ribbit hits you!
* * * LOW HITPOINT WARNING * * *
Prince Ribbit blinks!
Items here: ))) ††.
Prince Ribbit attacks as he pursues you!
Prince Ribbit hits you!
You die...

#... ####..# # .....#
.# # #...##..# #.
#.......#
#.###...##.##
#.......#
##########.##..#
#......F@......#
...?.######†###.......
... #.######.### #
######...# #
........#.#
#######...# #..##
#..#### #.....#


You could see Prince Ribbit.

Vanquished Creatures
  A black bear (D:4)
  2 scorpions
  A hound (D:4)
  A sleepcap (D:5)
  2 adders
  3 gnolls (D:5)
  4 ribbon worms
  4 bats (D:2)
  8 endoplasms
  5 giant cockroaches
  5 goblins
  6 hobgoblins
  4 quokkas (D:1)
  5 ball pythons
  4 frilled lizards
  6 kobolds
  5 rats
66 creatures vanquished.

Notes
Turn   | Place    | Note
-------+----------+-------------------------------------------
     0 | D:1      | CougarLife the Troll Fighter began the quest for the Orb.
     0 | D:1      | Reached XP level 1. HP: 22/22 MP: 0/0
   171 | D:1      | Reached XP level 2. HP: 29/29 MP: 1/1
   844 | D:2      | Reached XP level 3. HP: 34/36 MP: 2/2
  1392 | D:2      | Reached skill level 3 in Unarmed Combat
  2077 | D:3      | Found a burning altar of Makhleb.
  2167 | D:3      | Reached XP level 4. HP: 38/44 MP: 3/3
  2191 | D:3      | Found Sedutor's Antique Armour Boutique.
  2617 | D:4      | Noticed a black bear
  2628 | D:4      | Killed a black bear
  2629 | D:4      | Reached skill level 4 in Unarmed Combat
  2629 | D:4      | Reached XP level 5. HP: 5/53 MP: 4/4
  2901 | D:4      | Found a bloodstained altar of Trog.
  2905 | D:4      | Found a shimmering blue altar of Sif Muna.
  3085 | D:5      | Entered Level 5 of the Dungeon
  3099 | D:5      | Reached skill level 5 in Unarmed Combat
  3099 | D:5      | Reached XP level 6. HP: 62/62 MP: 5/5
  3117 | D:5      | Noticed Prince Ribbit
  3144 | D:5      | HP: 2/62 [Prince Ribbit (14)]
  3149 | D:5      | Slain by Prince Ribbit

Illustrated notes

Levels and vault maps discovered:
D:1:      heliophobic_arrival_glass_houses, layout_loops_ring,
          hangedman_feature_mirror, dreamdust_princess_corridor,
          reono_crystal_passage
D:2:      layout_basic, nicolae_underground_beach
D:3:      layout_basic, bloody_makhleb, serial_shops,
          nicolae_shop_window_shopping, st_stairs_7
D:4:      layout_rooms, hellmonk_overflow_destroyed_library,
          small_statue_intersection
D:5:      layout_loops_ring, uniq_edmund, uniq_prince_ribbit1, uniq_eustachio

Skill      XL: |  1  2  3  4  5 |
---------------+----------------+-----
Dodging        | 3 |  3.0
Unarmed Combat | 3 4 5 |  5.5
Fighting       | 3 |  3.9
Shields        | |  2.6

Action                     |  1- 3 |  4- 6 || total
---------------------------+-------+-------++-------
  Melee: Unarmed           |   125 |    47 ||   172
  Throw: Dart              |       |     3 ||     3
    Use: Potion            |       |     1 ||     1
 Armour: Robe              |    59 |    39 ||    98
  Dodge: Dodged            |    51 |    19 ||    70
  Block: Kite shield       |    45 |    20 ||    65
